 Dungeon Crawl Stone Soup version 0.19-a0-1682-g5114f93 (webtiles) character file.

373 Saways the Slasher (level 6, -14/55 HPs)
             Began as a Deep Dwarf Fighter on Sept 24, 2016.
             Was an Initiate of Makhleb.
             Demolished by an ogre
             ... wielding a +0 giant club
              (19 damage)
             ... on level 4 of the Dungeon.
             The game lasted 00:05:09 (3267 turns).

Saways the Slasher (Deep Dwarf Fighter)             Turns: 3267, Time: 00:05:09

Health: -14/55     AC: 10    Str: 20    XL:     6   Next: 43%
Magic:  8/8        EV:  6    Int:  8    God:    Makhleb [......]
Gold:   142        SH: 10    Dex: 14    Spells: 0 memorised, 5 levels left

rFire  . . .     SeeInvis .     a - +1 long sword
rCold  . . .     Gourm    .     h - +0 chain mail
rNeg   . . .     Faith    +     c - +0 shield
rPois  .         Spirit   .     (no helmet)
rElec  .         Dismiss  .     (no cloak)
rCorr  .         Reflect  .     (no gloves)
MR     .....     Harm     .     (no boots)
Stlth  ..........               l - amulet of faith
                                (no ring)
                                (no ring)

@: non-regenerating
A: damage resistance, recharge devices, sense surroundings 1, slow regeneration
3
a: Device Recharging, Renounce Religion


You were on level 4 of the Dungeon.
You worshipped Makhleb.
Makhleb was noncommittal.
You were not hungry.

You visited 1 branch of the dungeon, and saw 4 of its levels.

You collected 142 gold pieces.

Inventory:

Hand Weapons
 a - a +1 long sword (weapon)
Armour
 b - a +0 scale mail
 c - a +0 shield (worn)
 h - a +0 chain mail (worn)
Jewellery
 l - an amulet of faith (around neck)
Wands
 e - a wand of heal wounds (0/9)
 w - a wand of random effects (9/48)
Scrolls
 n - a scroll of remove curse
 q - 2 scrolls of teleportation
Potions
 d - a potion of might
 g - a potion of haste {unknown}
 k - a potion of invisibility {unknown}
 m - a potion of degeneration
 p - 2 potions of curing {unknown}
 s - 2 potions of brilliance
 x - a potion of magic {unknown}
Comestibles
 f - 4 bread rations
 j - 3 meat rations
 u - 2 beef jerkies


   Skills:
 + Level 2.9 Fighting
 * Level 4.8 Long Blades
 + Level 3.9 Armour
 + Level 0.9 Dodging
 + Level 4.6 Shields
 * Level 3.2 Evocations


You had 5 spell levels left.
You didn't know any spells.

Dungeon Overview and Level Annotations

Branches:
Dungeon (4/15)
 Temple: D:4-7

Altars:
Elyvilon
Fedhas
Hepliaklqana
Makhleb
Sif Muna
Vehumet
The Shining One

Annotations:
D:4 Pikel


Innate Abilities, Weirdness & Mutations

You are resistant to damage.
You can recharge devices by infusing magical energy.
You passively map a small area around you.
You do not regenerate.


Message History

You are too injured to fight recklessly!
You are too injured to fight recklessly!
You are too injured to fight recklessly!
You hit the ogre but do no damage.
The ogre is lightly wounded.
The ogre hits you but does no damage.
You slash the ogre!
The ogre is heavily wounded.
You block the ogre's attack.
You slash the ogre!
The ogre is severely wounded.
The ogre hits you but does no damage.
You hit the ogre but do no damage.
The ogre is severely wounded.
The ogre hits you with a giant club!
* * * LOW HITPOINT WARNING * * *
You closely miss the ogre.
The ogre is severely wounded.
The ogre hits you with a giant club!!
You die...

#.............#...#....#...#..
#.............#...#....#...#..
########......#...#.<..#...#..
#......#...#....#####..
#......#...#...........
#......#...#...........
#......#...#...........
#......#...#...<.......
#.....@#...#...........
#.....O#'###...........
#####.....######.......
#.....'....'.......
#..[..#....#.......
#.....#....#.......
#.....#....#.......
#.....#....#.......
#.....#....#.......


You could see an ogre.

Vanquished Creatures
  Eustachio (D:4)
  A water moccasin skeleton (D:4)
  A hound (D:4)
  Jessica (D:3)
  5 adders
  4 worms (D:2)
  2 dart slugs
  3 leopard geckos
  7 orcs
  2 giant cockroaches
  6 goblins
  7 hobgoblins
  14 jackals
  12 kobolds
  4 quokkas
  2 ball pythons
  12 bats
  5 frilled lizards
  14 rats
103 creatures vanquished.

Notes
Turn   | Place    | Note
-------+----------+-------------------------------------------
     0 | D:1      | Saways the Deep Dwarf Fighter began the quest for the Orb.
     0 | D:1      | Reached XP level 1. HP: 20/20 MP: 1/1
    23 | D:1      | Reached XP level 2. HP: 27/27 MP: 2/2
   515 | D:1      | Reached XP level 3. HP: 29/33 MP: 3/3
  1072 | D:2      | Reached XP level 4. HP: 29/40 MP: 4/4
  1185 | D:2      | Found a blossoming altar of Fedhas.
  1220 | D:2      | Found a glowing golden altar of the Shining One.
  1258 | D:2      | Found a faded altar of an unknown god.
  1354 | D:2      | Found a deep blue altar of Sif Muna.
  1788 | D:3      | Reached skill level 1 in Evocations
  1913 | D:3      | Noticed Jessica
  1928 | D:3      | HP: 2/40 [Jessica/dagger of venom (2)]
  1931 | D:3      | Killed Jessica
  1931 | D:3      | Reached XP level 5. HP: 22/48 MP: 6/6
  2063 | D:3      | Found a white marble altar of Elyvilon.
  2213 | D:3      | Found a burning altar of Makhleb.
  2215 | D:3      | Noticed a green death
  2251 | D:3      | Noticed a smoke demon
  2251 | D:3      | Noticed a hellwing
  2253 | D:3      | Became a worshipper of Makhleb the Destroyer
  2558 | D:4      | Noticed Eustachio
  2579 | D:4      | Killed Eustachio
  2579 | D:4      | Reached XP level 6. HP: 42/55 MP: 6/8
  2753 | D:4      | Found a radiant altar of Vehumet.
  2817 | D:4      | Noticed a slave
  2818 | D:4      | Noticed a slave
  2819 | D:4      | Noticed Pikel
  2820 | D:4      | Noticed a slave
  2821 | D:4      | Noticed a slave
  3134 | D:4      | Found a hazy altar of Hepliaklqana.
  3267 | D:4      | Demolished by an ogre

Vault maps used:
D:1:      dpeg_arrival_ratfight, minmay_pentomino_v4
D:2:      minitemple, lemuel_crystal_altar, ecumenical_altar_1,
          minmay_split_cup_small
D:3:      old_standard_altar, makhleb_altar_promises_db, uniq_jessica
D:4:      nicolae_overflow_crystal_walls, lemuel_crystal_altar, first_bread,
          kennysheep_generic_room_14, uniq_pikel, uniq_eustachio

Skill      XL: |  1  2  3  4  5  6 |
---------------+-------------------+-----
Shields        | 4 |  4.6
Long Blades    | 3 4 |  4.8
Evocations     | 1 2 3 |  3.2
Fighting       | |  2.9
Armour         | |  3.9
Dodging        | |  0.9

Action                   |  1- 3 |  4- 6 || total
-------------------------+-------+-------++-------
Melee: Long sword        |   161 |   310 ||   471
Evoke: Wand              |       |    10 ||    10
  Use: Scroll            |       |     9 ||     9
  Eat: Chunk             |     1 |     7 ||     8
       Pizza             |       |     1 ||     1
Armor: Scale mail        |    14 |       ||    14
       Chain mail        |    59 |   227 ||   286
Dodge: Dodged            |    41 |    78 ||   119
Block: Shield            |    88 |   194 ||   282
